 Dungeon Crawl Stone Soup version 0.30-a0-172-gc5509c9e31 (webtiles) character file.

Game seed: 6576274985683984552

10002 jlumianski the Cleaver (level 11, -1/83 HPs)
             Began as a Demonspawn Gladiator on Oct 2, 2022.
             Was a Believer of Qazlal.
             Slain by a troll (10 damage)
             ... on level 11 of the Dungeon.
             The game lasted 00:59:00 (12417 turns).

jlumianski the Cleaver (Demonspawn Gladiator)      Turns: 12417, Time: 00:59:00

Health: -1/83      AC:  8    Str: 22    XL:     11   Next: 30%
Magic:  15/15      EV: 21    Int: 12    God:    Qazlal [**....]
Gold:   632        SH:  3    Dex: 13    Spells: 10/10 levels left

rFire   . . .      SeeInvis +    a - +2 war axe (vorpal)
rCold   . . .      Faith    +    (no shield)
rNeg    . . .      Spirit   .    d - +1 troll leather armour {Snorg}
rPois   .          Reflect  .    (helmet restricted)
rElec   .          Harm     .    (no cloak)
rCorr   .          Rampage  .    (no gloves)
Will    +....      Clarity  +    x - +1 pair of boots
Stlth   +.........               B - amulet of faith
HPRegen 1.13/turn                l - ring of willpower
MPRegen 0.14/turn                v - ring of see invisible

@: agile, about to teleport
A: horns 1, repulsion field 1, demonic guardian 1, powered by pain 2, clarity,
clever 1, strong 1
a: Renounce Religion, Upheaval


You were on level 11 of the Dungeon.
You worshipped Qazlal.
Qazlal was pleased with you.
You visited 2 branches of the dungeon, and saw 12 of its levels.

You collected 632 gold pieces.

Inventory:

Hand Weapons
 a - a +2 vorpal war axe (weapon)
 q - a +4 trident of freezing
 A - a +1 scimitar of flaming
Missiles
 e - 3 javelins (quivered)
 n - 18 poisoned darts
 r - 3 curare-tipped darts
 D - 4 boomerangs
Armour
 c - a +1 helmet
 d - a +1 troll leather armour (worn) {Snorg}
 j - a +0 ring mail
 x - a +1 pair of boots (worn)
 z - a +0 scale mail
Jewellery
 l - a ring of willpower (left hand)
 s - a ring of fire
 v - a ring of see invisible (right hand)
 B - an amulet of faith (around neck)
Wands
 b - a wand of roots (2)
 o - a wand of flame (3)
 w - a wand of polymorph (9)
 G - a wand of digging (1)
Scrolls
 f - 2 scrolls of magic mapping
 u - 2 scrolls of butterflies
 y - 2 scrolls of poison
 E - a scroll of noise
 F - 2 scrolls of identify
Potions
 g - a potion of curing
 i - 5 potions of attraction
 k - a potion of resistance
 m - 3 potions of brilliance
 p - a potion of mutation
 t - 3 potions of flight
 C - 3 potions of heal wounds


   Skills:
 + Level 6.6 Fighting
 + Level 10.8 Axes
 + Level 3.3 Throwing
 + Level 6.7 Armour
 + Level 6.1 Dodging
 - Level 1.1 Stealth
 + Level 2.1 Shields
 * Level 5.8 Invocations
 * Level 4.2 Evocations


You had 10 spell levels left.
You didn't know any spells.
Your spell library contained the following spells:

 Spells                   Type           Power      Damage    Failure   Level
 Foxfire                  Conj/Fire      0%         2x1d4     36%         1
 Kiss of Death            Conj/Necr      0%         2d5       36%         1
 Blink                    Tloc           0%         N/A       50%         2
 Confusing Touch          Hex            0%         N/A       73%         3
 Inner Flame              Hex/Fire       0%         N/A       73%         3
 Stone Arrow              Conj/Erth      0%         3d7       73%         3
 Animate Armour           Summ/Erth      0%         N/A       98%         4
 Dispel Undead            Necr           0%         3d6       98%         4
 Flame Wave               Conj/Fire      0%         2d4       98%         4
 Manifold Assault         Tloc           0%         N/A       98%         4
 Sticky Flame             Conj/Fire      0%         2d3       98%         4
 Storm Form               Tmut/Air       0%         N/A       100%        7
 Lehudib's Crystal Spear  Conj/Erth      0%         10d2      100%        8


Dungeon Overview and Level Annotations

Branches:
Dungeon (11/15)            Temple (1/1) D:6            Lair (0/5) D:8
    Orc: D:9-12

Altars:
Ashenzari
Cheibriados
Dithmenos
Fedhas
Gozag
Hepliaklqana
Kikubaaqudgha
Nemelex Xobeh
Okawaru
Qazlal
Ru
Sif Muna
Trog
Uskayaw
Vehumet
Wu Jian
Xom
Yredelemnul

Shops:
D:4 (

Annotations:
D:8 1 runed translucent door, IdlyInterested's ghost, novice DsGl


Innate Abilities, Weirdness & Mutations

You have a pair of small horns on your head.
You are surrounded by a mild repulsion field. (EV +2)
A weak demonic guardian rushes to your aid.
You sometimes gain power by taking damage.
You possess an exceptional clarity of mind.
Your mind is acute. (Int +4, Str/Dex -1)
Your muscles are strong. (Str +4, Int/Dex -1)


Message History

The troll misses your ufetubus. The troll barely misses your ufetubus.
The troll claws your ufetubus!
Your ufetubus dies!
Your ufetubus disappears in a puff of smoke!
You hear the faint crackling of a melting archway very nearby.
You hear a shout!
A cyclops comes into view.
The cyclops throws a large rock.
The large rock closely misses you.
A killer bee comes into view.
The killer bee buzzes angrily.
A killer bee comes into view.
The cyclops throws a large rock.
You block the large rock. The killer bee stings you.
You are poisoned.
The killer bee poisons you!
You feel sick. The killer bee misses you.
You feel sick. The killer bee completely misses you.
You feel sick. The killer bee misses you.
You are no longer corroded.
You feel sick. The killer bee misses you.
You feel sick. The killer bee closely misses you.
You hit the killer bee but do no damage.
Your headbutt misses the killer bee.
You feel sick. The killer bee misses you. The killer bee barely misses you.
You slice the killer bee!!
You kill the killer bee!
Qazlal accepts your kill.
You feel sick.
You are no longer poisoned.
The deep elf pyromancer shouts!
As you read the scroll of teleportation, it crumbles to dust.
You feel strangely unstable.
The deep elf pyromancer points at you and mumbles some strange words.
The bolt of fire hits you!!
* * * LOW HITPOINT WARNING * * *
A demonic guardian appears!
The cyclops throws a large rock.
You block the large rock. The troll bites you.
* * * LOW HITPOINT WARNING * * *
The troll claws you!
You die...

. #...≈.y#
#..# #...#
###.....##..#
#...#
#.y.≈.##.e#
#..<#
..#........#
#...#
....##.#....#
#...# #...P.
......# #...#
##....
####5.# #...#
##... ####..#
#...# #...@.#
#...# #.≈..T#
#...# ..
..#.....#
#...#####..#
...#....#
#..........#
.≈..#...C#
#.....T....#
...#.....#
#..######..#
.#..#....#
#..#
...#....#
#..#
..#.....#
#..#


You could see a cyclops, a deep elf pyromancer, a troll (ally target) and a
friendly iron imp (summoned).

Vanquished Creatures
  Snorg (D:10)
  Erica (D:10)
  2 two-headed ogres
  Pikel (D:8)
  Prince Ribbit (D:7)
  4 shadows
  A yak (D:8)
  2 wyverns (D:8)
  A wraith (D:10)
  A basilisk (D:8)
  Grum (D:8)
  Menkaure (D:7)
  A steam dragon (D:8)
  Edmund (D:4)
  An acid dragon (D:11)
  6 water moccasins
  3 black bears
  An ice beast (D:8)
  A sky beast (D:7)
  5 wolves
  3 centaurs
  An ogre (D:5)
  4 lemures
  A phantom (D:7)
  2 kobold brigands
  5 bullfrogs
  2 gnoll sergeants
  2 scorpions
  11 wights
  19 killer bees
  2 howler monkeys (D:8)
  A hound (D:4)
  4 jellies
  3 orc priests
  2 iguanas
  Ijyb (D:4)
  11 orc wizards
  Robin (D:4)
  8 gnolls
  6 adders
  2 shadow imps
  2 white imps
  An ufetubus (D:5)
  3 worms
  2 dart slugs
  34 orcs
  14 endoplasms
  4 giant cockroaches
  12 goblins
  8 hobgoblins
  3 jackals
  14 kobolds
  3 quokkas
  5 ball pythons
  A bat (D:2)
  5 frilled lizards
  7 rats
  A bush (D:8)
246 creatures vanquished.

Vanquished Creatures (collateral kills)
  A hound (D:4)
  An ufetubus (D:7)
2 creatures vanquished.

Vanquished Creatures (others)
  7 fungi (D:8)
  25 plants
32 creatures vanquished.

Grand Total: 280 creatures vanquished

Notes
Turn   | Place    | Note
-------+----------+-------------------------------------------
     0 | D:1      | jlumianski the Demonspawn Gladiator began the quest for the
                  | Orb.
     0 | D:1      | Reached XP level 1. HP: 16/16 MP: 1/1
   219 | D:1      | Reached skill level 3 in Axes
   219 | D:1      | Gained mutation: You are surrounded by a mild repulsion
                  | field. (EV +2) [demonic ancestry]
   219 | D:1      | Reached XP level 2. HP: 22/22 MP: 2/2
   222 | D:1      | Found a faded altar of an unknown god.
   551 | D:1      | Gained mutation: A weak demonic guardian rushes to your
                  | aid. [demonic ancestry]
   551 | D:1      | Reached XP level 3. HP: 24/28 MP: 3/3
  1476 | D:2      | Gained mutation: You sometimes gain a little power by
                  | taking damage. [demonic ancestry]
  1476 | D:2      | Reached XP level 4. HP: 20/34 MP: 4/4
  1864 | D:2      | Gained mutation: Your muscles are strong. (Str +4, Int/Dex
                  | -1) [potion of mutation]
  1864 | D:2      | Gained mutation: Your mind is acute. (Int +4, Str/Dex -1)
                  | [potion of mutation]
  1864 | D:2      | Gained mutation: You possess an exceptional clarity of
                  | mind. [potion of mutation]
  1968 | D:3      | Reached skill level 4 in Axes
  2246 | D:3      | Reached XP level 5. HP: 32/40 MP: 5/5
  3028 | D:4      | Reached skill level 1 in Armour
  3067 | D:5      | Entered Level 5 of the Dungeon
  3081 | D:4      | Noticed Edmund
  3092 | D:4      | Killed Edmund
  3093 | D:4      | Reached XP level 6. HP: 29/47 MP: 6/6
  3165 | D:3      | Reached skill level 5 in Axes
  3234 | D:4      | Noticed Robin
  3235 | D:4      | Identified the +6 hand axe "Tifamm" {vorpal, *Slow rN+
                  | Will+}
  3292 | D:4      | Killed Robin
  3347 | D:4      | Found Paubbeuts's Weapon Shop.
  3464 | D:5      | Found an ancient bone altar of Kikubaaqudgha.
  3940 | D:4      | Noticed Ijyb
  3945 | D:4      | Killed Ijyb
  4106 | D:5      | Reached XP level 7. HP: 49/52 MP: 7/7
  4701 | D:6      | Found a staircase to the Ecumenical Temple.
  4711 | Temple   | Entered the Ecumenical Temple
  4738 | Temple   | Became a worshipper of Qazlal Stormbringer
  4776 | D:6      | Reached skill level 6 in Axes
  5865 | D:7      | Found an ornate altar of the Wu Jian Council.
  5932 | D:7      | Gained mutation: You sometimes gain power by taking damage.
                  | [demonic ancestry]
  5932 | D:7      | Reached XP level 8. HP: 60/60 MP: 8/8
  6110 | D:7      | Reached skill level 7 in Axes
  6473 | D:8      | Found a runed translucent door.
  6473 | D:8      | Noticed IdlyInterested's ghost (novice DsGl)
  6473 | D:8      | Noticed a water nymph
  6482 | D:8      | a water nymph changed into a floating eye
  6556 | D:7      | Noticed Menkaure
  6566 | D:7      | Killed Menkaure
  6567 | D:7      | Reached skill level 1 in Stealth
  7126 | D:8      | Reached skill level 8 in Axes
  7138 | D:8      | Reached XP level 9. HP: 46/67 MP: 9/9
  7166 | D:8      | Reached skill level 5 in Fighting
  7312 | D:8      | Reached * piety under Qazlal
  7313 | D:8      | Reached skill level 5 in Armour
  7491 | D:8      | Noticed Prince Ribbit
  7528 | D:7      | Killed Prince Ribbit
  7761 | D:8      | Found an opulent altar of Gozag.
  7788 | D:8      | Found a staircase to the Lair.
  8064 | D:7      | Reached skill level 9 in Axes
  8064 | D:7      | Reached skill level 5 in Dodging
  8347 | D:9      | Noticed a two-headed ogre
  8471 | D:8      | Noticed Pikel
  8481 | D:8      | Noticed Grum
  8494 | D:8      | Reached ** piety under Qazlal
  8574 | D:8      | Found a shimmering altar of Xom.
  8617 | D:8      | Reached skill level 1 in Invocations
  8669 | D:8      | Reached skill level 1 in Evocations
  8694 | D:8      | Reached XP level 10. HP: 38/74 MP: 10/10
  8781 | D:8      | Noticed a salamander
  8782 | D:8      | a salamander changed into a black mamba
  8782 | D:8      | Noticed a black mamba (shapeshifter)
  8899 | D:8      | Found a sparkling altar of Nemelex Xobeh.
  8991 | D:8      | Killed Pikel
  9019 | D:8      | Killed Grum
  9020 | D:8      | Reached skill level 1 in Shields
  9784 | D:8      | HP: 2/76 [killer bee (3)]
 10037 | D:8      | Noticed a faun
 10077 | D:9      | Reached skill level 10 in Axes
 10335 | D:9      | Found a sacrificial altar of Ru.
 10418 | D:10     | Entered Level 10 of the Dungeon
 10775 | D:9      | Found a shadowy altar of Dithmenos.
 10902 | D:9      | Found a snail-covered altar of Cheibriados.
 11283 | D:8      | Killed a two-headed ogre
 11352 | D:8      | Noticed a steelbarb worm
 11453 | D:10     | Noticed Erica
 11466 | D:10     | Killed Erica
 11467 | D:10     | Reached skill level 5 in Invocations
 11467 | D:10     | Gained mutation: You have a pair of small horns on your
                  | head. [demonic ancestry]
 11467 | D:10     | Reached XP level 11. HP: 54/83 MP: 11/14
 11653 | D:10     | Reached *** piety under Qazlal
 12034 | D:10     | Noticed Snorg
 12050 | D:10     | Killed Snorg
 12300 | D:11     | Noticed a deep elf pyromancer
 12300 | D:11     | Noticed a two-headed ogre
 12325 | D:11     | Killed a two-headed ogre
 12417 | D:11     | Slain by a troll

Illustrated notes

Levels and vault maps discovered:
D:1:      dpeg_arrival_water_temple_mockup, layout_basic,
          shapermc_ecumenical_altar_venn, grunt_decor_fettered
D:2:      minmay_inner_zag, layout_loops_ring
D:3:      layout_basic, columned_hall_lemuel
D:4:      layout_basic, serial_shops, nicolae_shop_hallway_plus,
          grunt_decor_clamped, nicolae_eternal_life, uniq_ijyb, uniq_edmund,
          uniq_robin
D:5:      layout_basic, amcnicky_altar_gilded
D:6:      layout_cave_pods, minmay_temple_entry_ruins, supply_closet_lemuel,
          corexii_checkpoint_a
D:7:      layout_loops_ring, overflow_temple_1_default, grunt_decor_arrowhead,
          uniq_menkaure
D:8:      layout_rooms, pdpol_temple_overflow_zin_treasury_gozag_greed,
          mainiacjoe_overflow_chevrons, xom_teletrap_fun,
          minmay_lair_entry_grove, ebering_ghost_inner_flame,
          minmay_quadrilaterals, uniq_pikel, uniq_prince_ribbit1, uniq_grum
D:9:      layout_long_grid, lemuel_round_altar, kennysheep_slug_shrine,
          kennysheep_little_box, lemuel_coloured_pillars_altar,
          grunt_ministairs_15, small_statue_alley_b, billiards_dpeg
D:10:     layout_basic, minmay_beelzebubs_servants, uniq_erica, uniq_snorg
D:11:     regret_index_tunnel_blossom, layout_long_grid,
          portal_ice_cave_entry_animals_and_master, uniq_gastronok, uniq_urug
Temple:   chequers_temple_sunken

Skill      XL: |  1  2  3  4  5  6  7  8  9 10 11 |
---------------+----------------------------------+-----
Axes           | 3 4 5 6 8 9 10 | 10.8
Throwing       | 2 3 |  3.3
Dodging        | 3 4 5 6 |  6.1
Armour         | 1 2 3 4 6 |  6.7
Fighting       | 3 4 5 6 |  6.6
Stealth        | 1 |  1.1
Invocations    | 1 5 |  5.8
Evocations     | 1 3 4 |  4.2
Shields        | 1 2 |  2.1

Action                   |  1- 3 |  4- 6 |  7- 9 | 10-12 || total
-------------------------+-------+-------+-------+-------++-------
Melee: War axe           |   129 |   129 |   296 |   232 ||   786
       Punch             |     2 |       |     4 |     7 ||    13
       Headbutt          |       |       |       |     9 ||     9
Throw: Javelin           |     3 |       |     2 |     1 ||     6
       Dart              |     2 |     3 |    13 |    17 ||    35
       Boomerang         |       |       |       |     3 ||     3
       Throwing net      |       |       |       |     3 ||     3
Invok: Upheaval          |       |       |       |     4 ||     4
Evoke: Wand              |       |       |       |     5 ||     5
  Use: Scroll            |       |    15 |     4 |     9 ||    28
       Potion            |       |     3 |     3 |     6 ||    12
 Stab: Invisible         |       |       |       |     1 ||     1
Armor: Leather armour    |     8 |       |       |       ||     8
       Ring mail         |    40 |    49 |   126 |    73 ||   288
       Scale mail        |       |       |       |    13 ||    13
       Troll leather arm |       |       |       |     3 ||     3
Dodge: Dodged            |   118 |   106 |   310 |   255 ||   789
Block: Other             |       |       |     6 |    34 ||    40

Table legend: (Time is in decaauts)
 A = Elapsed time spent in this place.
 B = Non-inter-level travel time spent in this place.
 C = Inter-level travel time spent in this place.
 D = Time resting spent in this place.
 E = Time spent auto-exploring this place.
 F = Levels seen in this place.
 G = Mean time per level.
                   A        B        C        D        E       F      G
               +--------+--------+--------+--------+--------+-----+--------+
         Total |  12584 |  12274 |    310 |   2633 |   4638 |  12 | 1048.7 |
       Dungeon |  12521 |  12211 |    310 |   2633 |   4638 |  11 | 1138.3 |
        Temple |     62 |     62 |      0 |      0 |      0 |   1 |   62.0 |
               +--------+--------+--------+--------+--------+-----+--------+

Top non-repeatable levels by time:
     D:8: 2482 daAuts
     D:7: 1995 daAuts
     D:9: 1177 daAuts
     D:2: 1158 daAuts
     D:6: 1084 daAuts
     D:4: 1020 daAuts
     D:1: 928 daAuts
     D:3: 927 daAuts
    D:10: 863 daAuts
     D:5: 708 daAuts
    D:11: 173 daAuts
  Temple: 62 daAuts
